| TOP OF THE 1ST |
|
San Francisco Giants batting - Pitching for Houston Astros : LHP Mat Pear
|
|
Pitching: LHP Mat Pear
|
|
|
Batting: RHB Philip Jansen
|
0-0: Ball 1-0: Called Strike 1-1: Bunt for hit to 2R - play at first, batter OUT! 2-3
|
|
Batting: LHB Carey Horncole
|
0-0: Ball 1-0: Called Strike 1-1: Fly out, F7 (Flyball, 78S, EV 93.8 MPH)
|
|
Batting: RHB Sean Zielinski
|
0-0: Ball 1-0: Fly out, F7 (Line Drive, 78S, EV 95.0 MPH)
|
| Top of the 1st over - 0 runs, 0 hits, 0 errors, 0 left on base; San Francisco 0 - Houston 0 |
| BOTTOM OF THE 1ST |
|
Houston Astros batting - Pitching for San Francisco Giants : RHP Ricky Rodriguez
|
|
Pitching: RHP Ricky Rodriguez
|
|
|
Batting: RHB Jesse Scott
|
0-0: Ball 1-0: Fly out, F8 (Flyball, 8LM, EV 88.1 MPH)
|
|
Batting: RHB Jeremy Trump
|
0-0: Fly out, F8 (Flyball, 8RD, EV 85.6 MPH)
|
|
Batting: LHB Jack Christie
|
0-0: Ball 1-0: Ball 2-0: Ball 3-0: Base on Balls
|
|
Batting: LHB Bryce Hill
|
0-0: Ball 1-0: Fly out, F8 (Flyball, 78M, EV 85.6 MPH)
|
| Bottom of the 1st over - 0 runs, 0 hits, 0 errors, 1 left on base; San Francisco 0 - Houston 0 |
| TOP OF THE 2ND |
|
San Francisco Giants batting - Pitching for Houston Astros : LHP Mat Pear
|
|
Batting: LHB Jack Henningar
|
0-0: Foul Ball, location: 2F 0-1: Ball 1-1: Ball 2-1: Ball 3-1: Base on Balls
|
|
Batting: RHB Lucan Esini
|
0-0: SINGLE (Line Drive, 3D, EV 94.4 MPH) Jack Henningar to second Runner from 2nd tries for 3rd, SAFE, throw by RF made to third
|
|
Batting: SHB Ryan Doss
|
0-0: Fly out, F9 (Line Drive, 9S, EV 93.8 MPH)
|
|
Batting: RHB Nate Hodson
|
0-0: Swinging Strike 0-1: Foul Ball, location: 2F 0-2: Ball 1-2: Foul Ball, location: 2F 1-2: Ball 2-2: SINGLE (Flyball, 8LS, EV 92.5 MPH) Jack Henningar scores Lucan Esini to second
|
|
Batting: SHB Bill Dooms
|
0-0: Fly out, F9 (Flyball, 9, EV 78.8 MPH)
|
|
Batting: LHB Luis Magdaleno
|
0-0: Called Strike 0-1: Ball 1-1: Called Strike 1-2: Ball 2-2: SINGLE (Line Drive, 78S, EV 104.4 MPH) Lucan Esini to third Nate Hodson to second
|
|
Batting: RHB Philip Jansen
|
0-0: Ball 1-0: Called Strike 1-1: Ball 2-1: Foul Ball, location: 2F 2-2: GRAND SLAM HOME RUN (Flyball, 7LD, EV 99.4 MPH), Distance : 354 ft
|
|
Batting: LHB Carey Horncole
|
0-0: Swinging Strike 0-1: Foul Ball, location: 2F 0-2: Strikes out looking
|
| Top of the 2nd over - 5 runs, 4 hits, 0 errors, 0 left on base; San Francisco 5 - Houston 0 |
| BOTTOM OF THE 2ND |
|
Houston Astros batting - Pitching for San Francisco Giants : RHP Ricky Rodriguez
|
|
Batting: RHB Elijah Hunter
|
0-0: SINGLE (Groundball, 6MD, EV 96.2 MPH)
|
|
Batting: LHB Eric Katz
|
0-0: Foul Ball, location: 2F 0-1: DOUBLE (Line Drive, 9LD, EV 108.8 MPH) Elijah Hunter to third
|
|
Batting: SHB Joe Gardner
|
0-0: Called Strike 0-1: Ball 1-1: Called Strike 1-2: Hit by Pitch
|
|
Batting: LHB Josh Corkery
|
0-0: Ball 1-0: Ball 2-0: Called Strike 2-1: Ball 3-1: SINGLE (Line Drive, 7LS, EV 101.2 MPH) Elijah Hunter scores Eric Katz to third Joe Gardner to second
|
|
Batting: SHB Alvare Bairro
|
0-0: Ball 1-0: Foul Ball, location: 2F 1-1: Foul Ball, location: 2F 1-2: Foul Ball, location: 2F 1-2: Ball 2-2: Hit by Pitch Eric Katz scores Joe Gardner to third Josh Corkery to second
|
|
Batting: RHB Jesse Scott
|
0-0: Swinging Strike 0-1: Ball 1-1: DOUBLE (Groundball, 5L, EV 106.2 MPH) Joe Gardner scores Josh Corkery scores Alvare Bairro to third
|
|
Batting: RHB Jeremy Trump
|
0-0: Ball 1-0: Called Strike 1-1: Ball 2-1: Ball 3-1: Base on Balls
|
|
Batting: LHB Jack Christie
|
0-0: Ball 1-0: Ball 2-0: Ball 3-0: Called Strike 3-1: Base on Balls Alvare Bairro scores Jesse Scott to third Jeremy Trump to second
|
|
Pitching: RHP Alex Montes
|
|
|
Batting: LHB Bryce Hill
|
0-0: Called Strike 0-1: Foul Ball, location: 2F 0-2: SINGLE (Groundball, 34D, EV 106.2 MPH) Jesse Scott scores Jeremy Trump to third Jack Christie to second
|
|
Batting: RHB Elijah Hunter
|
0-0: Ball 1-0: Foul Ball, location: 2F 1-1: Swinging Strike 1-2: Fly out, F7 (Line Drive, 7, EV 99.4 MPH)
|
|
Batting: LHB Eric Katz
|
0-0: Ball 1-0: Foul Ball, location: 2F 1-1: DOUBLE (Line Drive, 7LM, EV 103.1 MPH) Jeremy Trump scores Jack Christie scores Bryce Hill to third Runner from 3rd tries for Home, SAFE, throw by LF to home
|
|
Batting: SHB Joe Gardner
|
0-0: SINGLE (Groundball, 56D, EV 101.9 MPH) Eric Katz to third Runner from 3rd tries for Home, SAFE, throw by LF to home
|
|
Batting: LHB Josh Corkery
|
0-0: Ball 1-0: Called Strike Joe Gardner steals 2nd base (no throw) 1-1: SINGLE (Groundball, 34D, EV 93.8 MPH) (infield hit) Joe Gardner to third
|
|
Batting: SHB Alvare Bairro
|
0-0: Foul Ball, location: 2F 0-1: Foul Ball, location: 2F 0-2: Ball 1-2: Strikes out looking
|
|
Batting: RHB Jesse Scott
|
0-0: Ball 1-0: Called Strike 1-1: Fly out, F7 (Flyball, 78M, EV 87.5 MPH)
|
| Bottom of the 2nd over - 10 runs, 8 hits, 0 errors, 2 left on base; San Francisco 5 - Houston 10 |
| TOP OF THE 3RD |
|
San Francisco Giants batting - Pitching for Houston Astros : LHP Mat Pear
|
|
Batting: RHB Sean Zielinski
|
0-0: Ball 1-0: Called Strike 1-1: Called Strike 1-2: Ball 2-2: Ball 3-2: Fly out, F7 (Flyball, 78M, EV 83.1 MPH)
|
|
Batting: LHB Jack Henningar
|
0-0: Called Strike 0-1: Ball 1-1: Swinging Strike 1-2: Ball 2-2: Ball 3-2: SINGLE (Flyball, 5D, EV 90.6 MPH)
|
|
Batting: RHB Lucan Esini
|
0-0: Ball 1-0: 2-RUN HOME RUN (Flyball, 7LD, EV 91.9 MPH), Distance : 348 ft
|
|
Pitching: RHP Bill Rondeau
|
|
|
Batting: SHB Ryan Doss
|
0-0: Ball 1-0: SINGLE (Groundball, 3D, EV 104.4 MPH)
|
|
Batting: RHB Nate Hodson
|
0-0: Ball Ryan Doss is caught stealing 2nd base 2-4 1-0: Ball 2-0: Foul Ball, location: 2F 2-1: Ball 3-1: Ground out 3-1 (Groundball, 34, EV 91.2 MPH)
|
| Top of the 3rd over - 2 runs, 3 hits, 0 errors, 0 left on base; San Francisco 7 - Houston 10 |
| BOTTOM OF THE 3RD |
|
Houston Astros batting - Pitching for San Francisco Giants : RHP Alex Montes
|
|
Batting: RHB Jeremy Trump
|
0-0: Ball 1-0: DOUBLE (Flyball, 89XD, EV 107.5 MPH)
|
|
Batting: LHB Jack Christie
|
0-0: SINGLE (Groundball, 4D, EV 99.4 MPH) Jeremy Trump to third
|
|
Batting: LHB Bryce Hill
|
0-0: Called Strike 0-1: Ball 1-1: Foul Ball, location: 2F 1-2: Strikes out swinging
|
|
Batting: RHB Elijah Hunter
|
0-0: Swinging Strike 0-1: Foul Ball, location: 2F 0-2: Foul Ball, location: 2F 0-2: Foul Ball, location: 2F 0-2: Ball 1-2: Strikes out swinging
|
|
Batting: LHB Eric Katz
|
0-0: Fly out, F8 (Line Drive, 78M, EV 99.4 MPH)
|
| Bottom of the 3rd over - 0 runs, 2 hits, 0 errors, 2 left on base; San Francisco 7 - Houston 10 |
| TOP OF THE 4TH |
|
San Francisco Giants batting - Pitching for Houston Astros : RHP Bill Rondeau
|
|
Batting: SHB Bill Dooms
|
0-0: Ball 1-0: Called Strike 1-1: Ground out 6-3 (Groundball, 4M, EV 83.8 MPH)
|
|
Batting: LHB Luis Magdaleno
|
0-0: Swinging Strike 0-1: Foul Ball, location: 2F 0-2: Ball 1-2: Foul Ball, location: 2F 1-2: SINGLE (Flyball, 4MD, EV 92.5 MPH)
|
|
Batting: RHB Philip Jansen
|
0-0: Foul Ball, location: 2F 0-1: Called Strike 0-2: Strikes out looking
|
|
Batting: LHB Carey Horncole
|
0-0: Swinging Strike 0-1: Swinging Strike 0-2: Strikes out swinging
|
| Top of the 4th over - 0 runs, 1 hit, 0 errors, 1 left on base; San Francisco 7 - Houston 10 |
| BOTTOM OF THE 4TH |
|
Houston Astros batting - Pitching for San Francisco Giants : RHP Alex Montes
|
|
Batting: SHB Joe Gardner
|
0-0: Foul Ball, location: 2F 0-1: Ball 1-1: Ball 2-1: Foul Ball, location: 2F 2-2: Ball 3-2: SINGLE (Line Drive, 8RS, EV 100.6 MPH)
|
|
Batting: LHB Josh Corkery
|
0-0: Fielders Choice at 2nd, 3-6 (Groundball, 3, EV 88.1 MPH)
|
|
Batting: SHB Alvare Bairro
|
0-0: Ball 1-0: Ball 2-0: Called Strike 2-1: Called Strike 2-2: Strikes out looking
|
|
Batting: RHB Jesse Scott
|
0-0: Called Strike Josh Corkery steals 2nd base (no throw) 0-1: Ground out 6-3 (Groundball, 6M, EV 90.0 MPH)
|
| Bottom of the 4th over - 0 runs, 1 hit, 0 errors, 1 left on base; San Francisco 7 - Houston 10 |
| TOP OF THE 5TH |
|
San Francisco Giants batting - Pitching for Houston Astros : RHP Bill Rondeau
|
|
Batting: RHB Sean Zielinski
|
0-0: Called Strike 0-1: Ball 1-1: Foul Ball, location: 2F 1-2: Fly out, F7 (Flyball, 78XD, EV 103.8 MPH)
|
|
Batting: LHB Jack Henningar
|
0-0: Called Strike 0-1: Ball 1-1: Called Strike 1-2: Fly out, F8 (Flyball, 8LM, EV 81.2 MPH)
|
|
Batting: RHB Lucan Esini
|
0-0: Ball 1-0: Foul Ball, location: 2F 1-1: Ball 2-1: Swinging Strike 2-2: Strikes out swinging
|
| Top of the 5th over - 0 runs, 0 hits, 0 errors, 0 left on base; San Francisco 7 - Houston 10 |
| BOTTOM OF THE 5TH |
|
Houston Astros batting - Pitching for San Francisco Giants : RHP Alex Montes
|
|
Batting: RHB Jeremy Trump
|
0-0: Ball 1-0: Swinging Strike 1-1: SINGLE (Groundball, 4MD, EV 99.4 MPH)
|
|
Batting: LHB Jack Christie
|
0-0: Swinging Strike 0-1: Fly out, F9 (Flyball, 89M, EV 80.0 MPH)
|
|
Batting: LHB Bryce Hill
|
0-0: Called Strike 0-1: Swinging Strike 0-2: Fielders Choice at 2nd, 3-6 (Groundball, 3, EV 90.0 MPH)
|
|
Pitching: LHP Chris Moris
|
|
|
Batting: RHB Elijah Hunter
|
0-0: Called Strike 0-1: Ball 1-1: Ball 2-1: Ground out 5-3 (Groundball, 56S, EV 90.6 MPH)
|
| Bottom of the 5th over - 0 runs, 1 hit, 0 errors, 1 left on base; San Francisco 7 - Houston 10 |
| TOP OF THE 6TH |
|
San Francisco Giants batting - Pitching for Houston Astros : RHP Bill Rondeau
|
|
Batting: SHB Ryan Doss
|
0-0: Foul Ball, location: 2F 0-1: Foul Ball, location: 2F 0-2: Ball 1-2: Fly out, F8 (Flyball, 89M, EV 90.6 MPH)
|
|
Batting: RHB Nate Hodson
|
0-0: Ground out 6-3 (Groundball, 56, EV 84.4 MPH)
|
|
Batting: SHB Bill Dooms
|
0-0: Ball 1-0: Ball 2-0: Called Strike 2-1: Called Strike 2-2: Ball 3-2: Fly out, F7 (Line Drive, 7, EV 111.2 MPH)
|
| Top of the 6th over - 0 runs, 0 hits, 0 errors, 0 left on base; San Francisco 7 - Houston 10 |
| BOTTOM OF THE 6TH |
|
Houston Astros batting - Pitching for San Francisco Giants : LHP Chris Moris
|
|
Batting: LHB Eric Katz
|
0-0: Called Strike 0-1: Ball 1-1: Foul Ball, location: 2F 1-2: Foul Ball, location: 2F 1-2: Foul Ball, location: 2F 1-2: Fly out, F7 (Flyball, 7S, EV 91.9 MPH)
|
|
Batting: SHB Joe Gardner
|
0-0: Called Strike 0-1: Ball 1-1: SINGLE (Groundball, 4D, EV 101.9 MPH)
|
|
Batting: LHB Josh Corkery
|
0-0: Grounds into double play, 5-4-3 (Groundball, 56S, EV 84.4 MPH)
|
| Bottom of the 6th over - 0 runs, 1 hit, 0 errors, 0 left on base; San Francisco 7 - Houston 10 |
| TOP OF THE 7TH |
|
San Francisco Giants batting - Pitching for Houston Astros : RHP Bill Rondeau
|
|
Pitching: RHP Josh Sandoval
|
|
|
Batting: LHB Luis Magdaleno
|
0-0: Ground out 5-3 (Groundball, 5, EV 80.0 MPH)
|
|
Batting: RHB Philip Jansen
|
0-0: Ball 1-0: Called Strike 1-1: Foul Ball, location: 2F 1-2: Ball 2-2: Strikes out looking
|
|
Batting: LHB Carey Horncole
|
0-0: Foul Ball, location: 2F 0-1: Ball 1-1: Ball 2-1: Called Strike 2-2: DOUBLE (Groundball, 3L, EV 106.2 MPH)
|
|
Batting: RHB Sean Zielinski
|
0-0: Ball 1-0: Called Strike 1-1: 2-RUN HOME RUN (Flyball, 8LXD, EV 111.2 MPH), Distance : 453 ft
|
|
Batting: LHB Jack Henningar
|
0-0: Ball 1-0: Ball 2-0: Called Strike 2-1: Ball 3-1: Called Strike 3-2: Base on Balls
|
|
Batting: RHB Lucan Esini
|
0-0: Swinging Strike 0-1: Foul Ball, location: 2F 0-2: Strikes out swinging
|
| Top of the 7th over - 2 runs, 2 hits, 0 errors, 1 left on base; San Francisco 9 - Houston 10 |
| BOTTOM OF THE 7TH |
|
Houston Astros batting - Pitching for San Francisco Giants : LHP Chris Moris
|
|
Batting: SHB Alvare Bairro
|
0-0: Foul Ball, location: 2F 0-1: Swinging Strike 0-2: Fly out, F9 (Flyball, 9D, EV 96.9 MPH)
|
|
Batting: RHB Jesse Scott
|
0-0: Ball 1-0: Ball 2-0: Ball 3-0: Base on Balls
|
|
Batting: RHB Jeremy Trump
|
0-0: Ball 1-0: Called Strike 1-1: Swinging Strike 1-2: Strikes out swinging
|
|
Batting: LHB Jack Christie
|
0-0: Foul Ball, location: 2F 0-1: Ball 1-1: Ball 2-1: Ball 3-1: Base on Balls Jesse Scott to second
|
|
Batting: LHB Bryce Hill
|
0-0: Ball 1-0: Ball 2-0: DOUBLE (Flyball, 89D, EV 101.9 MPH) Jesse Scott scores Jack Christie to third
|
|
Batting: RHB Elijah Hunter
|
0-0: Swinging Strike 0-1: Ball 1-1: Foul Ball, location: 2F 1-2: Ball 2-2: Strikes out swinging
|
| Bottom of the 7th over - 1 run, 1 hit, 0 errors, 2 left on base; San Francisco 9 - Houston 11 |
| TOP OF THE 8TH |
|
San Francisco Giants batting - Pitching for Houston Astros : RHP Josh Sandoval
|
|
Batting: SHB Ryan Doss
|
0-0: Ball 1-0: Ball 2-0: Called Strike 2-1: Foul Ball, location: 2F 2-2: Foul Ball, location: 2F 2-2: Ball 3-2: Foul Ball, location: 2F 3-2: Base on Balls
|
|
Batting: LHB Mason Duffy
|
0-0: Called Strike 0-1: Ball 1-1: Called Strike 1-2: Ball 2-2: Strikes out swinging
|
|
Batting: SHB Bill Dooms
|
0-0: Swinging Strike 0-1: Ball 1-1: Called Strike 1-2: Ball 2-2: Grounds into double play, 4-6-3 (Groundball, 4, EV 81.9 MPH)
|
| Top of the 8th over - 0 runs, 0 hits, 0 errors, 0 left on base; San Francisco 9 - Houston 11 |
| BOTTOM OF THE 8TH |
|
Houston Astros batting - Pitching for San Francisco Giants : LHP Chris Moris
|
|
Pitching: LHP Tyler Stancil
|
|
|
Batting: LHB Eric Katz
|
0-0: Ball 1-0: Fly out, F8 (Line Drive, 8LM, EV 89.4 MPH)
|
|
Batting: SHB Joe Gardner
|
0-0: Ball 1-0: Ball 2-0: Ground out 6-3 (Groundball, 6, EV 93.1 MPH)
|
|
Batting: LHB Josh Corkery
|
0-0: Ball 1-0: Swinging Strike 1-1: Ball 2-1: Foul Ball, location: 2F 2-2: Ball 3-2: Ground out 6-3 (Groundball, 6M, EV 89.4 MPH)
|
| Bottom of the 8th over - 0 runs, 0 hits, 0 errors, 0 left on base; San Francisco 9 - Houston 11 |
| TOP OF THE 9TH |
|
San Francisco Giants batting - Pitching for Houston Astros : RHP Josh Sandoval
|
|
Pitching: LHP Lance Crumpton
|
|
|
Batting: LHB Luis Magdaleno
|
0-0: Ball 1-0: Ground out 5-3 (Groundball, 5, EV 80.6 MPH)
|
|
Batting: RHB Philip Jansen
|
0-0: Foul Ball, location: 2F 0-1: Swinging Strike 0-2: Foul Ball, location: 2F 0-2: Ball 1-2: Strikes out swinging
|
|
Pinch Hitting: RHB Bill Defazio
|
0-0: Ball 1-0: Foul Ball, location: 2F 1-1: Swinging Strike 1-2: Ball 2-2: Foul Ball, location: 2F 2-2: Ball 3-2: Base on Balls
|
|
Batting: RHB Sean Zielinski
|
0-0: Ball 1-0: Called Strike 1-1: Called Strike 1-2: Ball 2-2: Foul Ball, location: 2F 2-2: SINGLE (Groundball, 23, EV 66.2 MPH) (infield hit) Bill Defazio to second
|
|
Batting: LHB Jack Henningar
|
0-0: DOUBLE (Line Drive, 5D, EV 111.2 MPH) Bill Defazio scores Sean Zielinski to third Runner from 3rd tries for Home, SAFE, throw by LF to trailing runner, SAFE at third!
|
|
Batting: RHB Lucan Esini
|
0-0: Intentional Walk
|
|
Batting: SHB Ryan Doss
|
0-0: Called Strike 0-1: Ball 1-1: Fly out, F8 (Flyball, 8LD, EV 82.5 MPH)
|
| Top of the 9th over - 2 runs, 2 hits, 0 errors, 2 left on base; San Francisco 11 - Houston 11 |
| BOTTOM OF THE 9TH |
|
Houston Astros batting - Pitching for San Francisco Giants : LHP Tyler Stancil
|
|
Pitching: LHP Caleb Mullinax
|
|
|
Now at SS: Bill Defazio
|
|
|
Pinch Hitting: RHB Eric Chotkowski
|
0-0: Ball 1-0: Ball 2-0: Foul Ball, location: 2F 2-1: Ball 3-1: Foul Ball, location: 2F 3-2: Base on Balls
|
|
Batting: RHB Jesse Scott
|
0-0: Foul Ball, location: 2F 0-1: Ball 1-1: Ball 2-1: Sac Bunt to 15S - play at second, runner OUT! 1-6
|
|
Batting: RHB Jeremy Trump
|
0-0: Ball 1-0: Swinging Strike 1-1: DOUBLE (Groundball, 5L, EV 104.4 MPH) Jesse Scott to third Runner from 3rd tries for Home, SAFE, no throw by LF
|
| Bottom of the 9th over - 1 run, 1 hit, 0 errors, 1 left on base; San Francisco 11 - Houston 12 |
|